 Dungeon Crawl Stone Soup version 0.23-a0-436-g57debff (webtiles) character file.

7 Amnesiac the Sneak (level 1, 0/9 HPs)
             Began as a Spriggan Enchanter on Nov 17, 2018.
             Slain by a jackal (3 damage)
             ... on level 1 of the Dungeon.
             The game lasted 00:00:54 (447 turns).

Amnesiac the Sneak (Spriggan Enchanter)              Turns: 447, Time: 00:00:55

Health: 0/9        AC:  2    Str:  4    XL:     1   Next: 83%
Magic:  5/5        EV: 18    Int: 16    God:
Gold:   15         SH:  0    Dex: 16    Spells: 4/5 levels left

rFire    . . .     SeeInvis +   a - +1 dagger
rCold    . . .     Gourm    .   (shield restricted)
rNeg     . . .     Faith    .   b - +0 robe
rPois    .         Spirit   .   (helmet restricted)
rElec    .         Reflect  .   (no cloak)
rCorr    .         Harm     .   (gloves unavailable)
MR       .....                  (boots unavailable)
Stlth    +++.......             (no amulet)
HPRegen  0.03/turn              (no ring)
MPRegen  0.09/turn              (no ring)

@: very quick
A: very small, unfitting armour, see invisible, herbivore, speed 3, slow
metabolism 2
a: no special abilities


You were on level 1 of the Dungeon.
You were not hungry.

You visited 1 branch of the dungeon, and saw 2 of its levels.

You collected 15 gold pieces.

Inventory:

Hand Weapons
 a - a +1 dagger (weapon)
Armour
 b - a +0 robe (worn)
Scrolls
 e - a scroll of fog {!r, unknown}
 f - 3 scrolls of identify {!r, unknown}
Potions
 c - a potion of brilliance {!q, unknown}
Comestibles
 d - a ration


   Skills:
 + Level 1.3 Short Blades
 + Level 3.2 Dodging
 + Level 4.6 Stealth
 + Level 2.8 Spellcasting
 + Level 3.7 Hexes


You had 4 spell levels left.
You knew the following spells:

 Your Spells              Type           Power        Failure   Level  Hunger
a - Corona                Hex            ##.....      4%          1    #......

Your spell library contained the following spells:

 Spells                   Type           Power        Failure   Level  Hunger
 Confuse                  Hex            ##......     12%         3    ###....
 Tukima's Dance           Hex            ##......     12%         3    ###....
 Ensorcelled Hibernation  Hex/Ice        #.....       13%         2    ##.....
 Dazzling Spray           Conj/Hex       #.....       26%         3    ###....


Dungeon Overview and Level Annotations

Branches:
Dungeon (2/15)

Altars:


Innate Abilities, Weirdness & Mutations

You are very small and have problems with some larger weapons.
You are too small for most types of armour.
You have supernaturally acute eyesight. (SInv)
You are a herbivore.
You cover ground extremely quickly.
You need to consume almost no food.


Message History

You start resting.
HP restored.
Found 21 arrows.
A goblin comes into view. It is wielding a +0 dagger.
A goblin is nearby!
The goblin shouts!
Casting: Corona (safe; 4% risk of failure)
Confirm with . or Enter, or press ? or * to list all spells.
Aiming: Corona (safe; 4% risk of failure)
Press: ? - help, Shift-Dir - straight line, f - goblin
Aim: a goblin, wielding a +0 dagger (chance to defeat MR: 68%)
The goblin is outlined in light.
Unknown command.
You hit the goblin.
The goblin is moderately wounded.
You barely miss the goblin.
The goblin is moderately wounded.
The goblin misses you.
You closely miss the goblin.
The goblin is moderately wounded.
The goblin completely misses you.
You hit the goblin.
The goblin is heavily wounded.
The goblin hits you with a +0 dagger.
You hit the goblin.
The goblin is almost dead.
The goblin hits you with a +0 dagger.
* * * LOW HITPOINT WARNING * * *
You hit the goblin.
You kill the goblin!
You see here a +0 dagger.
You start resting.
HP restored.
You see here a +0 dagger.
A rat comes into view.
A rat is nearby!
A rat is nearby!
Found a scroll labeled MACY JEFARYTOY.
A jackal comes into view.
The rat barely misses you.
The jackal barks!
You hit the rat.
The rat is moderately wounded.
You hear a shout!
The rat closely misses you.
You hit the rat but do no damage.
The rat is moderately wounded.
The rat bites you.
You hit the rat but do no damage.
The rat is moderately wounded.
The rat bites you but does no damage.
You hit the rat but do no damage.
The rat is moderately wounded.
The rat completely misses you.
You barely miss the rat.
The rat is moderately wounded.
The jackal bites you.
* * * LOW HITPOINT WARNING * * *
A kobold comes into view.
The rat misses you.
You closely miss the rat.
The rat is moderately wounded.
The jackal bites you.
You die...

.##.........#....#...#..........
..#.)..(....#....#... ..
###.........#....#.. ...
............+...... ...K
####........##...###....
#....................
#.............h.?....
#..............h......
+.....##......@.......
#.....##.......r...#+#
#.....##..............
#...#+##.............. #...
...####......... #.. ....#
#......... ....# .....#....
.....#....


You could see 2 jackals, a kobold and a rat.

Vanquished Creatures
  A ball python (D:1)
  A giant cockroach (D:1)
  A goblin (D:1)
  2 kobolds
  A bat (D:1)
6 creatures vanquished.

Notes
Turn   | Place    | Note
-------+----------+-------------------------------------------
     0 | D:1      | Amnesiac the Spriggan Enchanter began the quest for the
                  | Orb.
     0 | D:1      | Reached XP level 1. HP: 9/9 MP: 5/5
   447 | D:1      | Slain by a jackal

Vault maps used:
D:1:      dpeg_arrival_shelter, minmay_misc_feat_columns
D:2:      serial_corexii_hall, corexii_hall_statues_x, corexii_hall_statues_t,
          uniq_natasha

Action                   || total
-------------------------++-------
Melee: Dagger            ||    50
 Cast: Corona            ||     5
Armor: Robe              ||     6
Dodge: Dodged            ||    57

Table legend:
 A = Non-vault XP
 B = Vault XP
 C = Vault XP percentage of total XP
 D = Non-vault monster count
 E = Vault monster count
 F = Vault count percentage of total count
                 A         B        C        D         E       F
            +---------+---------+-------+---------+---------+-------
      Total |      10 |       0 |   0.0 |       6 |       0 |   0.0
            +---------+---------+-------+---------+---------+-------
        D:1 |       9 |       0 |   0.0 |       5 |       0 |   0.0
        D:2 |       1 |       0 |   0.0 |       1 |       0 |   0.0
            +---------+---------+-------+---------+---------+-------
